 Dungeon Crawl Stone Soup version 0.30-a0-364-gf6b3ef1049 (webtiles) character file.

Game seed: 9774097311694551536

93944 LnG the Imperceptible (level 16, -12/92 HPs)
             Began as a Kobold Summoner on Nov 14, 2022.
             Was the Champion of Dithmenos.
             Killed from afar by an ironbound frostheart (29 damage)
             ... by creeping frost
             ... in an ice cave on Nov 15, 2022.
             The game lasted 01:48:13 (23616 turns).

LnG the Imperceptible (Kobold Summoner)            Turns: 23616, Time: 01:48:14

Health: -12/92     AC: 14    Str: 10    XL:     16   Next: 58%
Magic:  35/37      EV: 23    Int: 24    God:    Dithmenos [******]
Gold:   840        SH:  0    Dex: 15    Spells: 19/32 levels left

rFire   . . .      SeeInvis .    v - +7 short sword (venom)
rCold   . . .      Faith    .    (no shield)
rNeg    + . .      Spirit   .    V - +2 robe {Archmagi}
rPois   .          Reflect  .    g - +1 helmet
rElec   .          Harm     .    H - +2 cloak {Stlth+}
rCorr   .          Rampage  .    t - +1 pair of gloves
Will    +....      Archmagi +    I - +2 pair of boots Stlth ##********
                                 x - amulet of regeneration
HPRegen 1.15/turn                f - +4 ring of slaying
MPRegen 0.25/turn                u - ring of Grace {rN+ MP+9 Str+4}

@: frozen, wreathed by umbra, very slow
A: small, no large weapons, nightstalker 3
a: Renounce Religion, Shadow Step, Shadow Form


You were in an ice cave.
You worshipped Dithmenos.
Dithmenos was exalted by your worship.
You visited 4 branches of the dungeon, and saw 23 of its levels.
You also visited: Ossuary and Ice Cave.

You collected 2099 gold pieces.
You spent 1259 gold pieces at shops.

Inventory:

Hand Weapons
 v - a +7 short sword of venom (weapon)
 P - a +6 dagger of draining
Missiles
 K - 2 throwing nets
Armour
 g - a +1 helmet (worn)
 t - a +1 pair of gloves (worn)
 D - a +3 leather armour
 H - a +2 cloak of stealth (worn)
 I - a +2 pair of boots (worn)
 V - a +2 robe of the Archmagi (worn)
Jewellery
 f - a +4 ring of slaying (left hand)
 h - a ring of wizardry
 u - the ring of Grace (right hand) {rN+ MP+9 Str+4}
   (You bought it in a shop on level 8 of the Dungeon)

   [ring of magical power]

   Str:       It affects your strength (+4).
   rN:        It protects you from negative energy.
   MP:        It affects your magic capacity (+9).
 x - an amulet of regeneration (around neck)
 A - a +4 ring of evasion
 B - a ring of willpower
 L - a ring of resist corrosion
 T - a ring of magical power
 Y - a +6 ring of dexterity
 Z - a ring of protection from fire
Wands
 y - a wand of polymorph (2)
 M - a wand of paralysis (12)
 N - a wand of acid (6)
 Q - a wand of roots (30)
Scrolls
 a - 5 scrolls of amnesia
 j - 3 scrolls of magic mapping
 m - a scroll of poison
 n - a scroll of summoning
 o - 4 scrolls of teleportation
 r - 7 scrolls of vulnerability
 z - 2 scrolls of silence
 E - 4 scrolls of noise
 G - 2 scrolls of immolation
 R - a scroll of torment
 S - 6 scrolls of enchant weapon
 U - 2 scrolls of identify
 W - a scroll of brand weapon
Potions
 b - 4 potions of magic
 c - 5 potions of invisibility
 d - 4 potions of might
 i - 5 potions of attraction
 k - 6 potions of flight
 l - 6 potions of mutation
 p - 6 potions of lignification
 s - 9 potions of curing
 C - 3 potions of ambrosia
 F - a potion of haste
 J - a potion of berserk rage
 O - 5 potions of brilliance


   Skills:
 + Level 7.5 Fighting
 + Level 11.2 Short Blades
 * Level 15.4 Dodging
 * Level 26.0 Stealth
 + Level 8.7 Spellcasting
 + Level 1.8 Hexes
 + Level 9.3 Summonings
 + Level 4.0 Air Magic


You had 19 spell levels left.
You knew the following spells:

 Your Spells              Type           Power      Damage    Failure   Level
a - Summon Small Mammal   Summ           100%       N/A       1%          1
b - Call Imp              Summ           70%        N/A       1%          2
c - Call Canine Familiar  Summ           70%        N/A       1%          3
d - Summon Guardian Gole  Hex/Summ       54%        N/A       1%          3
e - Summon Lightning Spi  Summ/Air       59%        N/A       3%          4

Your spell library contained the following spells:

 Spells                   Type           Power      Damage    Failure   Level
 Beastly Appendage        Tmut           30%        N/A       6%          1
 Vhi's Electric Charge    Tloc/Air       60%        N/A       8%          3
 Sublimation of Blood     Necr           15%        N/A       9%          2
 Wereblood                Tmut           15%        N/A       9%          2
 Animate Armour           Summ/Erth      98%        N/A       9%          4
 Ozocubu's Armour         Ice            15%        N/A       19%         3
 Spider Form              Tmut/Pois      15%        N/A       19%         3
 Stone Arrow              Conj/Erth      30%        3d8       19%         3
 Animate Dead             Necr           15%        N/A       52%         4
 Petrify                  Tmut/Erth      15%        N/A       52%         4
 Arcjolt                  Conj/Air       15%        1d25      58%         5
 Metabolic Englaciation   Hex/Ice        11%        N/A       75%         5
 Irradiate                Conj/Tmut      7%         3d14      86%         5
 Simulacrum               Ice/Necr       7%         N/A       100%        6
 Haunt                    Necr/Summ      24%        N/A       100%        7
 Ozocubu's Refrigeration  Ice            7%         4d9       100%        7
 Infestation              Necr           7%         N/A       100%        8
 Lehudib's Crystal Spear  Conj/Erth      7%         10d3      100%        8
 Maxwell's Capacitive Co  Air            22%        ∞         100%        8


Dungeon Overview and Level Annotations

Branches:
Dungeon (15/15)            Temple (1/1) D:7            Lair (5/5) D:9
 Shoals (0/4) Lair:2       Spider (0/4) Lair:3        Slime (0/5) Lair:4
    Orc (2/2) D:11            Elf (0/3) Orc:2        Vaults (0/5) D:13
 Depths (0/4) D:15        Ossuary (visited)           IceCv (1/1)

Altars:
Cheibriados
Dithmenos
Elyvilon
Gozag
Hepliaklqana
Okawaru
Qazlal
Ru
Sif Muna
Vehumet
Zin
The Shining One
Jiyva

Shops:
D:3 ?   D:6 [   D:8 *   D:11 ?   D:12 ((*?


Innate Abilities, Weirdness & Mutations

You are small and have problems with some larger weapons.
You are completely attuned to the shadows.


Message History

An ironbound frostheart is nearby!
The ironbound frostheart touches you! The ironbound frostheart freezes you!!
You hit the ironbound frostheart.
The ironbound frostheart is lightly wounded.
You feel much better.
The ironbound frostheart calls freezing cold from the walls.
The frost grips you!!
You emit a cloud of dark smoke.
You are encased in ice.
You feel much better. The ironbound frostheart touches you!
The ironbound frostheart freezes you!!
* * * LOW HITPOINT WARNING * * *
You emit a cloud of dark smoke.
You feel much better.
The ironbound frostheart closely misses you.
The ice encasing you melts away.
Casting: Summon Lightning Spire (dangerous; 3% risk of failure)
Confirm with . or Enter, or press ? or * to list all spells.
You feel a surge of power!
The ironbound frostheart calls freezing cold from the walls.
The frost grips you!!
* * * LOW HITPOINT WARNING * * *
You emit a cloud of dark smoke.
You are encased in ice.
You swap places.
Your warg bites the ironbound frostheart!
The ironbound frostheart touches your warg!!
The ironbound frostheart freezes your warg!!
Your warg dies!
Your warg's corpse disappears in a puff of smoke!
You feel much better. The ice encasing you melts away.
The ironbound frostheart calls freezing cold from the walls.
The frost grips you!!
* * * LOW HITPOINT WARNING * * *
You are encased in ice.
As you read the scroll of butterflies, it crumbles to dust.
You hear the tinkle of a tiny bell.
The ironbound frostheart calls freezing cold from the walls.
The frost grips you!!
You die...

##§§§§§## ###§§§.##
###...## ###..## ##..#
####.## ### ###§...#
###b#####§§##.#≈≈≈≈
###..#@##§§#§#..≈≈≈≈≈≈≈
#..####bp######.##≈≈≈≈≈
###..# ####### ###≈≈≈≈≈≈
##...## ###...#### ≈≈≈≈~~
#)...[###...#....######†~
##..†###..####.....##†.##
##......## ##....††####
######## ########


You could see an ironbound frostheart (ally target).

Vanquished Creatures
  Agnes (D:15)
  A very ugly thing (D:15)
  A dire elephant (Lair:5)
  Snorg (D:11)
  Josephine (D:12)
  Harold (D:10)
  A vault guard (D:13)
  2 catoblepae
  4 centaur warriors
  6 two-headed ogres
  An ironbound frostheart (IceCv)
  4 boulder beetles
  A deep troll shaman (Lair:5)
  12 death yaks
  Urug (D:11)
  An orc high priest (Orc:2)
  Amaemon (Lair:3)
  A fire crab (shapeshifter) (D:13)
  A glowing orange brain (shapeshifter) (D:15)
  An iron troll (D:13)
  A glowing orange brain (D:15)
  A lindwurm (Lair:3)
  10 ugly things
  A manticore (D:13)
  A salamander (shapeshifter) (D:13)
  2 orc sorcerers (Orc:2)
  5 cyclopes
  10 elephants
  An ice statue (IceCv)
  3 black mambas
  A torpor snail (Lair:3)
  3 gargoyles
  An orange demon (Lair:3)
  Psyche (D:8)
  10 komodo dragons
  11 cane toads
  An unseen horror (D:13)
  3 kobold demonologists (D:11)
  7 rime drakes
  3 efreet
  2 freezing wraiths
  6 trolls
  A polar bear (shapeshifter) (D:14)
  10 polar bears
  11 slime creatures
  9 blink frogs
  3 dream sheep (Lair:5)
  2 jumping spiders (Lair:3)
  A shadow (D:11)
  A water elemental (D:14)
  4 wyverns
  65 yaks
  A spriggan (shapeshifter) (D:14)
  4 basilisks
  2 hogs (Lair:5)
  2 vampires
  5 wraiths
  13 vampire mosquitoes
  A steam dragon (Lair:4)
  A redback (Lair:3)
  19 water moccasins
  15 orc warriors
  A black bear (D:8)
  4 sky beasts
  3 ice beasts
  3 boggarts (D:14)
  4 ogres
  9 centaurs
  36 wolves
  5 kobold brigands
  13 bullfrogs
  3 gnoll sergeants
  17 jellies
  3 howler monkeys
  6 hounds
  11 orc priests
  A gnoll bouda (D:5)
  4 orc wizards
  3 iguanas
  5 mummies (Ossuary)
  19 gnolls
  11 adders
  A shadow imp (D:6)
  2 white imps
  2 ufetubi
  54 orcs
  10 endoplasms
  4 giant cockroaches
  2 gnoll zombies (Ossuary)
  6 goblins
  5 hobgoblins
  2 quokkas
  3 ball pythons
  6 bats
  A frilled lizard (D:1)
  A hobgoblin zombie (Ossuary)
  15 kobolds
  2 kobold zombies (Ossuary)
  2 orc zombies (Ossuary)
  3 rats
579 creatures vanquished.

Vanquished Creatures (collateral kills)
  Kirke (Lair:5)
  A death yak (Lair:4)
  3 ugly things (D:14)
  A merfolk siren (Lair:2)
  A polar bear (Lair:2)
  A troll (Orc:2)
  A blink frog (Lair:5)
  3 dream sheep (Lair:5)
  11 yaks
  A hog (Lair:5)
  4 basilisks
  3 wyverns
  A redback (Lair:3)
  5 vampire mosquitoes
  A water moccasin (Lair:2)
  2 orc warriors
  An ogre (D:4)
  6 wolves
  A nameless horror (D:13)
  A bullfrog (D:8)
  2 scorpions
  2 orc priests (Orc:2)
  2 jellies (Lair:4)
  A gnoll bouda (D:3)
  4 orc wizards
  3 mummies (Ossuary)
  An adder (D:3)
  9 gnolls
  12 orcs
  2 endoplasms
  A giant cockroach (D:4)
  A goblin (D:1)
  2 hobgoblins
  A quokka (D:1)
  A ball python (D:1)
  A bat (D:1)
  3 frilled lizards
  A kobold (D:1)
  An orc zombie (Ossuary)
99 creatures vanquished.

Vanquished Creatures (others)
  4 ugly things (D:14)
  23 fungi
  31 plants
58 creatures vanquished.

Grand Total: 736 creatures vanquished

Notes
Turn   | Place    | Note
-------+----------+-------------------------------------------
     0 | D:1      | LnG the Kobold Summoner began the quest for the Orb.
     0 | D:1      | Reached XP level 1. HP: 10/10 MP: 3/3
   162 | D:1      | Reached XP level 2. HP: 15/15 MP: 5/5
   165 | D:1      | Learned a level 2 spell: Call Imp
   269 | D:1      | Reached skill level 3 in Stealth
   539 | D:1      | Reached XP level 3. HP: 13/19 MP: 3/6
   549 | D:1      | Learned a level 3 spell: Call Canine Familiar
  1012 | D:2      | Reached skill level 1 in Short Blades
  1012 | D:2      | Reached XP level 4. HP: 19/24 MP: 7/7
  1201 | D:2      | Reached skill level 4 in Stealth
  1699 | D:3      | Reached skill level 5 in Stealth
  1699 | D:3      | Reached XP level 5. HP: 28/28 MP: 8/8
  1915 | D:3      | HP: 1/28 [orc priest/divine providence (12)]
  1923 | D:3      | Found a shadowy altar of Dithmenos.
  2265 | D:3      | Became a worshipper of Dithmenos the Shadowed
  2487 | D:3      | Reached XP level 6. HP: 33/33 MP: 8/10
  2501 | D:3      | Reached skill level 6 in Stealth
  2910 | D:3      | Found a faded altar of an unknown god.
  2952 | D:3      | Found Xuaqulil's Magic Scroll Shop.
  2955 | D:3      | Bought a scroll of identify for 26 gold pieces
  2955 | D:3      | Bought a scroll of identify for 26 gold pieces
  2955 | D:3      | Bought a scroll of identify for 26 gold pieces
  2955 | D:3      | Bought a scroll of teleportation for 39 gold pieces
  3293 | D:4      | Reached skill level 1 in Fighting
  3359 | D:4      | Noticed an ogre
  3375 | D:4      | Killed an ogre
  3376 | D:4      | Reached XP level 7. HP: 38/38 MP: 2/12
  3741 | D:4      | Reached skill level 5 in Summonings
  4241 | D:4      | Found an opulent altar of Gozag.
  4335 | D:5      | Entered Level 5 of the Dungeon
  4369 | D:5      | Reached skill level 7 in Stealth
  4381 | D:5      | Found a stormy altar of Qazlal.
  4521 | D:5      | Reached XP level 8. HP: 36/43 MP: 13/13
  4572 | D:5      | Learned a level 3 spell: Summon Guardian Golem
  4577 | D:5      | Learned a level 4 spell: Summon Lightning Spire
  4816 | D:5      | Found a snail-covered altar of Cheibriados.
  4853 | D:5      | Reached skill level 5 in Dodging
  4853 | D:5      | Reached skill level 8 in Stealth
  5243 | D:5      | Reached * piety under Dithmenos
  5521 | D:6      | Found Pourez's Armour Emporium.
  5666 | D:6      | Reached skill level 9 in Stealth
  6092 | D:6      | Reached skill level 10 in Stealth
  6092 | D:6      | Reached XP level 9. HP: 48/48 MP: 15/15
  6251 | D:7      | Found a sand-covered staircase.
  6256 | Ossuary  | Entered an ossuary
  6635 | D:7      | Reached ** piety under Dithmenos
  6708 | D:7      | You fall into a shaft and drop 2 floors!
  6811 | D:7      | Reached skill level 11 in Stealth
  6975 | D:7      | Found a staircase to the Ecumenical Temple.
  6981 | Temple   | Entered the Ecumenical Temple
  7100 | D:7      | Found a glowing silver altar of Zin.
  7156 | D:7      | Found a white marble altar of Elyvilon.
  7440 | D:7      | Reached skill level 5 in Short Blades
  7573 | D:8      | Noticed Psyche
  7583 | D:8      | Killed Psyche
  7622 | D:8      | Reached skill level 12 in Stealth
  7622 | D:8      | Reached XP level 10. HP: 52/54 MP: 9/16
  7752 | D:8      | Found Moomath's Assorted Antiques.
  7757 | D:8      | Bought a shimmering cloak for 304 gold pieces
  7757 | D:8      | Identified the +3 cloak of Dowdy Intercession {-Cast +Blink
                  | rC+++ Int-3} (You bought it in a shop on level 8 of the
                  | Dungeon)
  7757 | D:8      | Bought a scroll of identify for 64 gold pieces
  7758 | D:8      | Bought a faintly glowing platinum ring for 160 gold pieces
  7758 | D:8      | Identified the ring of Grace {rN+ MP+9 Str+4} (You bought
                  | it in a shop on level 8 of the Dungeon)
  8069 | D:8      | Reached skill level 1 in Air Magic
  8265 | D:8      | Reached *** piety under Dithmenos
  8489 | D:9      | Noticed a two-headed ogre
  8712 | D:9      | Reached skill level 13 in Stealth
  8727 | D:9      | Reached skill level 5 in Spellcasting
  9103 | D:9      | Reached skill level 14 in Stealth
  9103 | D:9      | Reached XP level 11. HP: 37/60 MP: 18/18
  9282 | D:9      | Found a staircase to the Lair.
  9570 | D:10     | Entered Level 10 of the Dungeon
  9598 | D:10     | Noticed Harold
  9602 | D:10     | Killed Harold
  9949 | D:10     | Found a radiant altar of Vehumet.
 10349 | D:11     | Found Dyluomur's Magic Scroll Shop.
 10355 | D:11     | Reached **** piety under Dithmenos
 10361 | D:11     | Bought a scroll of enchant weapon for 97 gold pieces
 10361 | D:11     | Bought a scroll of identify for 26 gold pieces
 10361 | D:11     | Bought a scroll of identify for 26 gold pieces
 10361 | D:11     | Bought a scroll of blinking for 97 gold pieces
 10388 | D:11     | Reached skill level 15 in Stealth
 10500 | D:11     | Noticed Urug
 10500 | D:11     | Noticed a two-headed ogre
 10503 | D:11     | Killed a two-headed ogre
 10506 | D:11     | Killed Urug
 10520 | D:11     | Noticed Snorg
 10525 | D:11     | Killed Snorg
 10526 | D:11     | Reached skill level 16 in Stealth
 10536 | D:11     | Found a staircase to the Orcish Mines.
 10541 | D:11     | Reached XP level 12. HP: 67/67 MP: 21/21
 10917 | D:11     | Reached skill level 10 in Dodging
 10995 | D:11     | Noticed a two-headed ogre
 10999 | D:11     | Killed a two-headed ogre
 11000 | D:11     | Reached skill level 17 in Stealth
 11018 | D:11     | Found a sacrificial altar of Ru.
 11547 | D:12     | Found Qoibec's Magic Scroll Emporium.
 11552 | D:12     | Found Xenkeyn's Weapon Emporium.
 11555 | D:12     | Found Xemoedod's Weapon Emporium.
 11555 | D:12     | Found Lonu's Assorted Antiques.
 11746 | D:12     | Noticed a two-headed ogre
 11750 | D:12     | Killed a two-headed ogre
 11781 | D:12     | Found a glowing golden altar of the Shining One.
 12238 | D:12     | Noticed Josephine
 12244 | D:12     | Killed Josephine
 12275 | D:12     | Identified the +3 leather armour of Lies {*Corrode rN+
                  | Int+3 Dex+4}
 12299 | D:12     | Reached skill level 5 in Fighting
 12299 | D:12     | Reached skill level 18 in Stealth
 13010 | D:13     | Reached XP level 13. HP: 72/72 MP: 22/22
 13014 | D:13     | Noticed a vault guard
 13017 | D:13     | Reached skill level 19 in Stealth
 13018 | D:13     | Killed a vault guard
 13135 | D:13     | Found a gate to the Vaults.
 13332 | D:13     | Reached skill level 20 in Stealth
 13442 | D:13     | Reached ***** piety under Dithmenos
 13718 | D:14     | Reached skill level 10 in Short Blades
 13998 | D:14     | Noticed a centaur warrior
 14010 | D:14     | Killed a centaur warrior
 14427 | D:14     | Found a shimmering blue altar of Sif Muna.
 14445 | D:15     | Entered Level 15 of the Dungeon
 14445 | D:15     | Noticed a centaur warrior
 14446 | D:15     | Killed a centaur warrior
 14548 | D:14     | Reached XP level 14. HP: 52/78 MP: 24/24
 14940 | D:15     | Reached skill level 1 in Hexes
 15056 | D:15     | Reached skill level 21 in Stealth
 15248 | D:15     | Noticed Agnes
 15251 | D:15     | Killed Agnes
 15452 | D:15     | Noticed a purple very ugly thing
 15459 | D:15     | Killed a purple very ugly thing
 15464 | D:15     | Found a staircase to the Depths.
 15649 | D:15     | Reached skill level 22 in Stealth
 16500 | D:12     | Bought a scroll of summoning for 152 gold pieces
 16500 | D:12     | Bought a scroll of amnesia for 64 gold pieces
 16500 | D:12     | Bought a scroll of brand weapon for 152 gold pieces
 16602 | Lair:1   | Entered Level 1 of the Lair of Beasts
 18231 | Lair:2   | Reached skill level 23 in Stealth
 18278 | Lair:2   | Found a staircase to the Shoals.
 18573 | Lair:3   | Reached ****** piety under Dithmenos
 18692 | Lair:3   | Reached XP level 15. HP: 84/84 MP: 26/26
 18697 | Lair:3   | Noticed Amaemon
 18708 | Lair:3   | Killed Amaemon
 18874 | Lair:3   | Found a hole to the Spider Nest.
 19666 | Lair:4   | You fall into a shaft and drop 1 floor!
 19666 | Lair:5   | Entered Level 5 of the Lair of Beasts
 19820 | Lair:5   | Noticed Kirke
 19871 | Lair:5   | Killed Kirke
 19892 | Lair:5   | Reached skill level 24 in Stealth
 21572 | Lair:4   | Reached skill level 25 in Stealth
 21575 | Lair:4   | Reached XP level 16. HP: 92/92 MP: 28/28
 21854 | Lair:4   | Found a staircase to the Slime Pits.
 21856 | Lair:4   | Found a viscous altar of Jiyva.
 22365 | Orc:1    | Entered Level 1 of the Orcish Mines
 22422 | Orc:2    | Entered Level 2 of the Orcish Mines
 22554 | Orc:1    | You fall into a shaft and drop 1 floor!
 22554 | Orc:2    | Found a staircase to the Elven Halls.
 22982 | Orc:1    | Found a frozen archway.
 22990 | IceCv    | Entered an ice cave
 23098 | IceCv    | Reached skill level 15 in Dodging
 23593 | IceCv    | Reached skill level 26 in Stealth
 23616 | IceCv    | Killed from afar by an ironbound frostheart

Illustrated notes

Levels and vault maps discovered:
D:1:      lightli_arrival_boilingwater, layout_rooms
D:2:      layout_loops_ring, kennysheep_generic_room_5
D:3:      layout_loops_cross, nicolae_dithmenos_through_a_glass_darkly,
          hellmonk_ecumenical_altar_pennies_from_heaven, serial_shops, shop
D:4:      layout_loops_ring, mainiacjoe_overflow_alcove_4,
          hangedman_abyss_or_decor_stabs, hangedman_decor_lopped
D:5:      layout_loops_corners, nicolae_qazlal_scattered_showers,
          mainiacjoe_overflow_brackets
D:6:      layout_cave_pools, serial_shops, shop
D:7:      layout_cave_pools, mainiacjoe_overflow_cross_hatched,
          mainiacjoe_overflow_six_doors_small, minmay_temple_entry_crystal_x,
          enter_ossuary_2
D:8:      layout_cave_pools, serial_shops, shop, minivault_27, uniq_psyche
D:9:      layout_roguey, minmay_lair_entry_grove
D:10:     layout_basic, mainiacjoe_overflow_surrounded_room, uniq_harold
D:11:     layout_basic, david_orc_3, serial_shops, shop,
          nicolae_ru_path_of_blood, uniq_snorg, uniq_urug
D:12:     layout_loops_cross, minmay_shop_grid_forest, minivault_11,
          chequers_serial_rivers_micro_e, tso_altar, uniq_josephine
D:13:     layout_roguey, david_vaults_4, minmay_fractal_squares_diagonal_5
D:14:     layout_basic, amcnicky_mini_pool_small, nicolae_sif_muna_condensation
D:15:     gammafunk_enter_depths_forms, layout_basic, minmay_unpleasant_kobolds,
          uniq_agnes
Temple:   hellmonk_temple_of_storms
Lair:1:   layout_regular_city, grunt_megastairs_3, serial_bayou_shore_b
Lair:2:   layout_regular_city, elwin_shoals_entry_rooms
Lair:3:   layout_long_grid, spider_nest_entry_a, kennysheep_catoblepas_arena,
          uniq_amaemon
Lair:4:   layout_loops_ring, minmay_slime_entry_jelly_boxes, lemuel_fruit_tree
Lair:5:   grunt_lair_end_beastmaster, layout_hall_layers, uniq_kirke
Orc:1:    layout_diamond_mine, ebering_ghost_gozag, portal_ice_cave_rime,
          nicolae_orc_sculptors_studio, trog_butcher_becter
Orc:2:    pubby_orc_utopia
IceCv:    ice_cave_caverns_02

Skill      XL: |  1  2  3  4  5  6  7  8  9 10 11 12 13 14 15 16 |
---------------+-------------------------------------------------+-----
Stealth        | 3 5 6 7 10 12 14 16 18 20 23 25 26 | 26.0
Short Blades   | 1 2 3 5 7 8 9 10 11 | 11.2
Dodging        | 3 4 5 7 8 9 11 12 13 14 15 | 15.4
Spellcasting   | 3 4 5 6 7 8 |  8.7
Fighting       | 1 2 3 4 5 6 7 |  7.5
Summonings     | 5 6 7 8 9 |  9.3
Air Magic      | 2 3 4 |  4.0
Hexes          | 1 |  1.8

Action                   |  1- 3 |  4- 6 |  7- 9 | 10-12 | 13-15 | 16-18 || total
-------------------------+-------+-------+-------+-------+-------+-------++-------
Melee: Dagger            |    74 |   120 |   180 |       |       |       ||   374
       Unarmed           |     1 |       |       |       |     1 |       ||     2
       Punch             |       |       |     5 |     1 |     8 |     3 ||    17
       Short sword       |       |       |    90 |   251 |   738 |   432 ||  1511
 Cast: Summon Small Mamm |     6 |       |       |       |     1 |       ||     7
       Call Imp          |     2 |     2 |     2 |       |     7 |       ||    13
       Call Canine Famil |       |    15 |     9 |    11 |    22 |     5 ||    62
       Summon Lightning  |       |       |     7 |    10 |    22 |     8 ||    47
       Summon Guardian G |       |       |       |       |     9 |       ||     9
Evoke: Wand              |       |       |       |     1 |     2 |       ||     3
  Use: Potion            |       |     2 |       |     5 |     4 |     8 ||    19
       Scroll            |       |     4 |    11 |    13 |    15 |     4 ||    47
 Stab: Sleeping          |    12 |    14 |    44 |    51 |   111 |    54 ||   286
       Distracted        |     1 |     1 |     1 |     4 |    16 |     6 ||    29
       Invisible         |       |       |     1 |       |       |       ||     1
Armor: Robe              |    13 |    21 |    31 |    29 |   103 |    49 ||   246
Dodge: Dodged            |    34 |    89 |   181 |   220 |   560 |   325 ||  1409

Table legend: (Time is in decaauts)
 A = Elapsed time spent in this place.
 B = Non-inter-level travel time spent in this place.
 C = Inter-level travel time spent in this place.
 D = Time resting spent in this place.
 E = Time spent auto-exploring this place.
 F = Levels seen in this place.
 G = Mean time per level.
                   A        B        C        D        E       F      G
               +--------+--------+--------+--------+--------+-----+--------+
         Total |  22962 |  21753 |   1209 |   1745 |  15490 |  25 |  918.5 |
       Dungeon |  16102 |  15174 |    928 |   1485 |  10721 |  15 | 1073.5 |
        Temple |      1 |      1 |      0 |      0 |      0 |   1 |    1.0 |
          Lair |   5446 |   5196 |    250 |    115 |   4195 |   5 | 1089.2 |
  Orcish Mines |    550 |    519 |     31 |      0 |    226 |   2 |  275.0 |
       Ossuary |    354 |    354 |      0 |     73 |    167 |   1 |  354.0 |
      Ice Cave |    505 |    505 |      0 |     72 |    181 |   1 |  505.0 |
               +--------+--------+--------+--------+--------+-----+--------+

Top non-repeatable levels by time:
  Lair:5: 1553 daAuts
    D:11: 1471 daAuts
    D:15: 1390 daAuts
     D:2: 1337 daAuts
     D:3: 1258 daAuts
    D:13: 1228 daAuts
  Lair:2: 1197 daAuts
     D:5: 1145 daAuts
     D:8: 1118 daAuts
    D:12: 1068 daAuts
     D:4: 1056 daAuts
  Lair:3: 1031 daAuts
    D:14: 1028 daAuts
     D:9: 1025 daAuts
  Lair:4: 899 daAuts
